 Dungeon Crawl Stone Soup version 0.23.2-40-g277498a001 (webtiles) character file.

Game seed: 14279189370982091571

3875 FishyPogo the Grasshopper (level 10, -3/96 HPs)
             Began as a Troll Warper on Aug 15, 2019.
             Was a Priest of the Shining One.
             Slain by a yak (14 damage)
             ... on level 8 of the Dungeon.
             The game lasted 00:30:47 (6824 turns).

FishyPogo the Grasshopper (Troll Warper)            Turns: 6824, Time: 00:30:48

Health: -3/96      AC:  8    Str: 23    XL:     10   Next: 0%
Magic:  12/12      EV: 17    Int:  9    God:    the Shining One [***...]
Gold:   240        SH:  0    Dex: 10    Spells: 5/13 levels left

rFire    + . .     SeeInvis .     - Unarmed
rCold    . . .     Gourm    +   (no shield)
rNeg     + . .     Faith    .   v - +2 robe {rF+}
rPois    .         Spirit   .   (helmet restricted)
rElec    .         Reflect  .   (no cloak)
rCorr    .         Harm     .   (gloves unavailable)
MR       .....                  (boots unavailable)
Stlth    +.........             (no amulet)
HPRegen  0.66/turn              (no ring)
MPRegen  0.13/turn              t - +6 ring of evasion

@: glowing
A: large, unfitting armour, claws 3, fast metabolism 3, gourmand, regeneration
1, shaggy fur 1, tough skin 3
a: Divine Shield, Renounce Religion


You were on level 8 of the Dungeon.
You worshipped the Shining One.
The Shining One was most pleased with you.
You were very full.

You visited 2 branches of the dungeon, and saw 10 of its levels.

You collected 305 gold pieces.
You spent 65 gold pieces at shops.

Inventory:

Missiles
 d - 5 tomahawks of dispersal
 h - 246 stones
 u - 12 tomahawks (quivered)
 D - a throwing net
Armour
 v - a +2 robe of fire resistance (worn)
Jewellery
 t - a +6 ring of evasion (right claw)
Wands
 r - a wand of flame (17)
Scrolls
 c - a scroll of blinking
 e - 4 scrolls of amnesia {unknown}
 g - 12 scrolls of identify
 i - 4 scrolls of fog
 j - 2 scrolls of enchant weapon {unknown}
 k - a scroll of random uselessness {unknown}
 o - 3 scrolls of fear {unknown}
 s - 5 scrolls of immolation
 w - a scroll of enchant armour {unknown}
 y - 4 scrolls of teleportation
 z - 4 scrolls of remove curse
 E - a scroll of torment {unknown}
 F - a scroll of acquirement {unknown}
Potions
 a - 3 potions of cancellation
 l - 2 potions of ambrosia {unknown}
 m - a potion of mutation {unknown}
 n - 5 potions of flight
 p - a potion of curing
 q - a potion of degeneration {unknown}
 x - 2 potions of heal wounds {unknown}
 B - 2 potions of magic {unknown}
 C - a potion of haste
Comestibles
 f - 20 rations


   Skills:
 * Level 5.3 Fighting
   Level 4.2 Polearms
 - Level 3.2 Throwing
 + Level 5.2 Dodging
 * Level 5.0 Unarmed Combat
 - Level 2.0 Spellcasting
 * Level 6.6 Translocations


You had 5 spell levels left.
You knew the following spells:

 Your Spells              Type           Power        Failure   Level  Hunger
d - Shroud of Golubria    Chrm/Tloc      #.........   13%         2    ###....
e - Passage of Golubria   Tloc           N/A          22%         4    #####..
f - Blink                 Tloc           N/A          3%          2    ###....

Your spell library contained the following spells:

 Spells                   Type           Power        Failure   Level  Hunger
 Gell's Gravitas          Tloc           ##........   7%          3    ####...
 Lesser Beckoning         Tloc           ##........   7%          3    ####...
 Teleport Other           Tloc           ##......     7%          3    ####...


Dungeon Overview and Level Annotations

Branches:
Dungeon (9/15)             Temple (1/1) D:4
   Lair: D:8-11         Orc: D:9-12

Altars:
Ashenzari
Cheibriados
Dithmenos
Elyvilon
Fedhas
Gozag
Hepliaklqana
Nemelex Xobeh
Okawaru
Qazlal
Ru
Sif Muna
Uskayaw
Vehumet
Wu Jian
Xom
Yredelemnul
The Shining One

Shops:
D:5 *   D:8 (?

Annotations:
D:8 3 exclusions


Innate Abilities, Weirdness & Mutations

You are too large for most types of armour.
You have claws for hands.
Your metabolism is lightning-fast.
You like to eat raw meat.
Your natural rate of healing is unusually fast.
You are covered in fur. (AC +1)
You have extremely tough skin. (AC +3)


Message History

The yak gores you.
* * * LOW HITPOINT WARNING * * *
It was a potion of cancellation.
You feel magically purged. The yak gores you!
* * * LOW HITPOINT WARNING * * *
You feel better. The yak gores you!
* * * LOW HITPOINT WARNING * * *
You feel better. The yak gores you.
* * * LOW HITPOINT WARNING * * *
You scratch the yak.
The yak is heavily wounded.
The yak completely misses you.
You scratch the yak but do no damage.
The yak is heavily wounded.
You scratch the yak.
The yak is heavily wounded.
The yak misses you.
You claw the yak!
The yak is almost dead.
The yak gores you!
You die...

############
#.....#....#
#.....#....#####
#.....#....#...#
##..........#.#.#
#@Y...........#.##
#.###....###.##...
#.###....###..#...
#...'....'........
#####....####.#...
#....# #.....
#....# #...#'
#....# #...#.
###### #.#.#.


You could see a yak.

Vanquished Creatures
  A troll (D:8)
  Grinder (D:3)
  A yak (D:8)
  2 orc warriors
  4 sky beasts
  A black bear (D:8)
  2 ice beasts
  5 ogres
  A centaur (D:4)
  5 bullfrogs
  5 scorpions
  4 howler monkeys
  2 crimson imps
  A centaur zombie (D:7)
  A bullfrog zombie (D:7)
  A hound (D:8)
  A gnoll shaman (D:4)
  A quasit (D:7)
  6 orc priests
  2 jellies
  4 orc wizards
  2 centaur skeletons
  Terence (D:2)
  Jessica (D:2)
  2 iguanas (D:7)
  Natasha (thrice) (D:3)
  9 worker ants
  A hound skeleton (D:6)
  A worker ant zombie (D:8)
  4 gnolls
  A howler monkey skeleton (D:7)
  9 adders
  3 shadow imps
  An adder skeleton (D:6)
  4 worms
  3 dart slugs
  3 leopard geckos
  16 orcs
  10 bats
  4 giant cockroaches
  5 goblins
  9 hobgoblins
  2 jackals (D:2)
  5 quokkas
  7 frilled lizards
  A giant cockroach zombie (D:6)
  7 kobolds
  2 leopard gecko skeletons
  A quokka skeleton (D:5)
  A quokka zombie (D:7)
  2 rats (D:1)
171 creatures vanquished.

Notes
Turn   | Place    | Note
-------+----------+-------------------------------------------
     0 | D:1      | FishyPogo the Troll Warper began the quest for the Orb.
     0 | D:1      | Reached XP level 1. HP: 19/19 MP: 1/1
    74 | D:1      | Reached skill level 1 in Throwing
   226 | D:1      | Reached XP level 2. HP: 28/28 MP: 3/3
   870 | D:2      | Reached XP level 3. HP: 32/35 MP: 4/4
   885 | D:2      | Noticed Terence
   910 | D:2      | Learned a level 2 spell: Shroud of Golubria
   952 | D:2      | Killed Terence
  1289 | D:2      | Reached XP level 4. HP: 35/42 MP: 5/5
  1320 | D:2      | Found a shimmering altar of Xom.
  1609 | D:2      | Learned a level 4 spell: Passage of Golubria
  1701 | D:2      | Noticed Jessica
  1707 | D:2      | Killed Jessica
  2041 | D:3      | Reached XP level 5. HP: 49/49 MP: 6/6
  2370 | D:3      | Noticed Grinder
  2478 | D:3      | Killed Grinder
  2478 | D:3      | Reached skill level 3 in Translocations
  2478 | D:3      | Reached XP level 6. HP: 59/59 MP: 6/8
  2584 | D:3      | Found a faded altar of an unknown god.
  2662 | D:3      | Noticed Natasha
  2666 | D:3      | Killed Natasha
  2863 | D:3      | Noticed Natasha
  2872 | D:3      | Killed Natasha
  2917 | D:3      | Found a faded altar of an unknown god.
  2971 | D:3      | Noticed Natasha
  2979 | D:3      | Killed Natasha
  3173 | D:4      | Reached XP level 7. HP: 52/66 MP: 9/9
  3251 | D:4      | Learned a level 2 spell: Blink
  3390 | D:4      | Found a staircase to the Ecumenical Temple.
  3399 | Temple   | Entered the Ecumenical Temple
  3432 | Temple   | Became a worshipper of the Shining One
  3446 | D:4      | Reached skill level 4 in Translocations
  3869 | D:5      | Entered Level 5 of the Dungeon
  3939 | D:4      | Reached XP level 8. HP: 55/75 MP: 10/10
  4042 | D:5      | Found Hamuqof's General Store.
  4049 | D:5      | Bought a scroll of teleportation for 30 gold pieces
  4049 | D:5      | Bought a scroll of immolation for 35 gold pieces
  4134 | D:5      | Found a stormy altar of Qazlal.
  4372 | D:5      | Reached skill level 1 in Polearms
  4379 | D:5      | Reached * piety under the Shining One
  4675 | D:6      | Reached skill level 5 in Translocations
  4860 | D:6      | Reached XP level 9. HP: 84/84 MP: 11/11
  4938 | D:6      | Found a sacrificial altar of Ru.
  5055 | D:6      | Found a hazy altar of Hepliaklqana.
  5353 | D:7      | Found a deep blue altar of Sif Muna.
  5514 | D:7      | You fall through a shaft!
  5514 | D:8      | Noticed a troll
  5517 | D:8      | Found Petoibri's Magic Scroll Shop.
  5563 | D:8      | Reached ** piety under the Shining One
  5573 | D:8      | Found Bethuawi's Antique Weapon Emporium.
  5972 | D:7      | Reached skill level 6 in Translocations
  6401 | D:8      | Reached skill level 5 in Dodging
  6541 | D:8      | Found a basalt altar of Yredelemnul.
  6551 | D:8      | Found a deep blue altar of Sif Muna.
  6553 | D:8      | Found a shattered altar of Ashenzari.
  6590 | D:8      | Reached skill level 5 in Fighting
  6674 | D:8      | Killed a troll
  6805 | D:9      | Reached *** piety under the Shining One
  6814 | D:8      | Reached skill level 5 in Unarmed Combat
  6814 | D:8      | Reached XP level 10. HP: 40/96 MP: 12/12
  6819 | D:8      | HP: 2/96 [yak (11)]
  6824 | D:8      | Slain by a yak

Skill      XL: |  1  2  3  4  5  6  7  8  9 |
---------------+----------------------------+-----
Throwing       | 1 2 3 |  3.2
Dodging        | 2 3 4 5 |  5.2
Fighting       | 2 3 4 5 |  5.3
Unarmed Combat | 3 4 5 |  5.0
Spellcasting   | 2 |  2.0
Translocations | 3 4 5 6 |  6.6
Polearms       | 2 4 |  4.2

Action                   |  1- 3 |  4- 6 |  7- 9 | 10-12 || total
-------------------------+-------+-------+-------+-------++-------
Melee: Unarmed           |   106 |   126 |   354 |     7 ||   593
       Punch             |       |     1 |     5 |       ||     6
       Halberd           |       |       |    14 |       ||    14
Throw: Stone             |    17 |     3 |    50 |       ||    70
       Tomahawk          |       |     4 |     3 |       ||     7
 Cast: Blink             |       |       |     2 |       ||     2
       Passage of Golubr |       |       |     1 |       ||     1
  Use: Scroll            |       |     3 |     1 |       ||     4
       Potion            |       |       |     1 |     3 ||     4
 Stab: Sleeping          |       |     1 |       |       ||     1
  Eat: Chunk             |    17 |    15 |    36 |       ||    68
Armor: Robe              |    71 |    46 |    80 |     1 ||   198
Dodge: Dodged            |    66 |    84 |   309 |     2 ||   461
